 Dungeon Crawl Stone Soup version 0.22.1-2-g9c5b331383 (webtiles) character file.

46 Pocketmage the Sneak (level 3, 0/17 HPs)
             Began as a Spriggan Enchanter on Nov 25, 2018.
             Succumbed to an adder's poison
             ... on level 1 of the Dungeon.
             The game lasted 00:06:13 (1446 turns).

Pocketmage the Sneak (Spriggan Enchanter)           Turns: 1446, Time: 00:06:13

Health: 0/17       AC:  2    Str:  5    XL:     3   Next: 46%
Magic:  1/8        EV: 19    Int: 16    God:
Gold:   33         SH:  0    Dex: 16    Spells: 5/8 levels left

rFire    . . .     SeeInvis +   a - +1 dagger
rCold    . . .     Gourm    .   (shield restricted)
rNeg     . . .     Faith    .   b - +0 robe
rPois    .         Spirit   .   (helmet restricted)
rElec    .         Reflect  .   (no cloak)
rCorr    .         Harm     .   (gloves unavailable)
MR       .....                  (boots unavailable)
Stlth    +++.......             (no amulet)
HPRegen  0.05/turn              (no ring)
MPRegen  0.11/turn              (no ring)

@: lethally poisoned (0 -> -6), very quick
A: very small, unfitting armour, see invisible, herbivore, speed 3, slow
metabolism 2
a: no special abilities


You were on level 1 of the Dungeon.
You were not hungry.

You visited 1 branch of the dungeon, and saw 2 of its levels.

You collected 33 gold pieces.

Inventory:

Hand Weapons
 a - a +1 dagger (weapon)
Armour
 b - a +0 robe (worn)
Scrolls
 e - a scroll of teleportation {unknown}
 f - 2 scrolls of remove curse {unknown}
Potions
 c - 3 potions of haste {unknown}
Comestibles
 d - 3 rations


   Skills:
 + Level 0.3 Fighting
 + Level 1.5 Short Blades
 + Level 3.4 Dodging
 + Level 5.2 Stealth
 + Level 3.2 Spellcasting
 + Level 4.1 Hexes
 + Level 0.1 Ice Magic


You had 5 spell levels left.
You knew the following spells:

 Your Spells              Type           Power        Failure   Level  Hunger
a - Corona                Hex            ###....      3%          1    None
b - Ensorcelled Hibernat  Hex/Ice        #.....       12%         2    ##.....

Your spell library contained the following spells:

 Spells                   Type           Power        Failure   Level  Hunger
 Confuse                  Hex            ###.....     10%         3    ###....
 Tukima's Dance           Hex            ###.....     10%         3    ###....
 Dazzling Spray           Conj/Hex       #.....       24%         3    ###....


Dungeon Overview and Level Annotations

Branches:
Dungeon (2/15)

Altars:


Innate Abilities, Weirdness & Mutations

You are very small and have problems with some larger weapons.
You are too small for most types of armour.
You have supernaturally acute eyesight. (SInv)
You are a herbivore.
You cover ground extremely quickly.
You need to consume almost no food.


Message History

Aim: an adder (chance to defeat MR: 50%)
The adder resists with some effort.
* * * LOW HITPOINT WARNING * * *
You feel sick. The adder closely misses you.
Casting: Ensorcelled Hibernation (safe; 12% risk of failure)
Confirm with . or Enter, or press ? or * to list all spells.
Aiming: Ensorcelled Hibernation (safe; 12% risk of failure)
Press: ? - help, Shift-Dir - straight line, f/p - adder
Aim: an adder (chance to defeat MR: 50%)
The adder resists with some effort.
* * * LOW HITPOINT WARNING * * *
You feel sick. The adder closely misses you.
Casting: Ensorcelled Hibernation (safe; 12% risk of failure)
Confirm with . or Enter, or press ? or * to list all spells.
You don't have enough magic to cast that spell.
* * * LOW HITPOINT WARNING * * *
You feel sick.
* * * LOW HITPOINT WARNING * * *
You feel sick.
You die...

#.).......#.#.# #....#.....#
#.#####...#.#.# #)...#.....# #.#
#...#.#.# #....#######
#.#####...#.#.# #....#
#.....#.....#.# #######
#)...(#..####.###...##########
#>....+.............'......[..
##....#...###.#.#...##########
#....#...#..@#.#...#
#####....#...###.#.#...#
..............S..#.#...#
..################.#...# ###
..##...............#...# #..
..##.##########################..
'###.# #.......... .###'##
#.......... ......# #..........


There were no monsters in sight!

Vanquished Creatures
  3 dart slugs (D:1)
  6 bats (D:1)
  2 giant cockroaches (D:1)
  4 goblins (D:1)
  6 hobgoblins (D:1)
  6 jackals (D:1)
  2 frilled lizards (D:1)
  3 kobolds (D:1)
  3 rats (D:1)
35 creatures vanquished.

Notes
Turn   | Place    | Note
-------+----------+-------------------------------------------
     0 | D:1      | Pocketmage the Spriggan Enchanter began the quest for the
                  | Orb.
     0 | D:1      | Reached XP level 1. HP: 9/9 MP: 5/5
   266 | D:1      | Reached XP level 2. HP: 4/13 MP: 6/6
   333 | D:1      | Learned a level 2 spell: Ensorcelled Hibernation
   917 | D:1      | Reached skill level 5 in Stealth
   917 | D:1      | Reached XP level 3. HP: 16/16 MP: 3/8
  1446 | D:1      | Succumbed to an adder's poison

Skill      XL: |  1  2 |
---------------+-------+-----
Hexes          | 4 |  4.1
Spellcasting   | 3 |  3.2
Stealth        | 5 |  5.2
Fighting       | |  0.3
Short Blades   | |  1.5
Dodging        | |  3.4
Ice Magic      | |  0.1

Action                   || total
-------------------------++-------
Melee: Dagger            ||   107
 Cast: Ensorcelled Hiber ||    17
       Corona            ||     1
 Stab: Sleeping          ||    21
       Distracted        ||     1
Armor: Robe              ||     5
Dodge: Dodged            ||    95
